 Dungeon Crawl Stone Soup version 0.29.1-1-gd02db6906a (webtiles) character file.

Game seed: 6858369322862143228

6154 groovy9 the Fighter (level 11, -3/87 HPs)
             Began as a Djinni Conjurer on Sept 26, 2022.
             Was an Initiate of Ashenzari.
             Slain by a skeletal warrior
             ... wielding a +0 battleaxe
              (7 damage)
             ... on level 10 of the Dungeon.
             The game lasted 00:37:12 (12163 turns).

groovy9 the Fighter (Djinni Conjurer)              Turns: 12163, Time: 00:37:13

Health: -3/87      AC: 10    Str:  9    XL:     11   Next: 13%
Gold:   507        EV: 14    Int: 25    God:    Ashenzari [......] SH:  5 Dex: 17

rFire   + + .      SeeInvis .   z - +2 dagger (protect)
rCold   x . .      Faith    .   (no shield)
rNeg    . . .      Spirit   .   w - +2 robe {Will+}
rPois   ∞          Reflect  +   (no helmet)
rElec   .          Harm     .   i - +2 cloak of Supernal Gnosis {Self, Fort} (curse)
rCorr   .          Rampage  .   B - +2 pair of gloves {Str+3}
Will    ++...                   (boots unavailable)
Stlth   ++........              q - amulet of reflection
HPRegen 0.24/turn               v - +6 ring of dexterity
MPRegen 0.00/turn               (no ring)

@: flying
A: sickness immunity, fire resistance 2, cold vulnerability 1, float, innate
caster, HP casting, extra vitality 1, evolution 1
a: Renounce Religion, Curse Item, Shatter the Chains


You were on level 10 of the Dungeon.
You worshipped Ashenzari.
Ashenzari was noncommittal.
You visited 2 branches of the dungeon, and saw 11 of its levels.

You collected 597 gold pieces.
You spent 90 gold pieces at shops.

Inventory:

Hand Weapons
 z - a +2 dagger of protection (weapon)
Missiles
 y - 2 curare-tipped darts
Armour
 i - the cursed +2 cloak of Supernal Gnosis (worn) {Self, Fort}
   (You found it on level 4 of the Dungeon)

   It has a curse which improves the following skills: Introspection: Fighting
   and Spellcasting.
   Fortitude: Armour and Shields.
 w - a +2 robe of willpower (worn)
 B - a +2 pair of gloves of strength (worn)
Jewellery
 g - the amulet "Anumibog" {RegenMP rElec rCorr}
   (You found it on level 3 of the Dungeon)

   [amulet of magic regeneration]

   It increases your rate of magic regeneration.
   rElec:     It insulates you from electricity.
   rCorr:     It protects you from acid and corrosion.
 q - an amulet of reflection (around neck)
 v - a +6 ring of dexterity (left hand)
Wands
 k - a wand of iceblast (12)
 m - a wand of light (7)
 n - a wand of charming (19)
 A - a wand of mindburst (8)
Scrolls
 a - 2 scrolls of noise
 e - 6 scrolls of vulnerability
 j - a scroll of enchant armour
 l - 2 scrolls of torment
 p - 4 scrolls of teleportation
 s - a scroll of poison
 u - 2 scrolls of immolation
Potions
 b - 2 potions of might
 c - 2 potions of curing
 d - 2 potions of invisibility
 f - a potion of mutation
 r - a potion of resistance
 t - a potion of ambrosia
 x - a potion of cancellation
 C - a potion of degeneration
 D - a potion of attraction


   Skills:
 + Level 11.1(11.5) Fighting
 + Level 4.3 Dodging
 - Level 1.5 Stealth
 + Level 9.3(9.7) Spellcasting


You had one spell level left.
You knew the following spells:

 Your Spells              Type           Power      Damage    Failure   Level
a - Magic Dart            Conj           100%       1d8       1%          1
b - Searing Ray           Conj           100%       2d8       1%          2
c - Dazzling Flash        Conj/Hex       100%       N/A       1%          3
d - Fulminant Prism       Conj/Hex       28%        3d14      1%          4
e - Iskenderun's Mystic   Conj/Tloc      57%        2d12      1%          4
f - Foxfire               Conj/Fire      100%       2x1d9     1%          1
g - Poisonous Vapours     Pois/Air       100%       N/A       1%          2
h - Static Discharge      Conj/Air       57%        3-11/arc  1%          2
i - Summon Lightning Spi  Summ/Air       57%        N/A       1%          4
j - Blade Hands           Tmut           28%        N/A       2%          5
Your spell library was empty.

Dungeon Overview and Level Annotations

Branches:
Dungeon (10/15)            Temple (1/1) D:7             Orc (0/2) D:10
   Lair: D:8-11

Altars:
Ashenzari
Cheibriados
Dithmenos
Elyvilon
Gozag
Hepliaklqana
Okawaru
Qazlal
Ru
Wu Jian
Xom
Zin
The Shining One

Shops:
D:4 [   D:8 :   D:9 !


Innate Abilities, Weirdness & Mutations

You are immune to sickness and miasma.
You are immune to poison.
Your flesh is very heat resistant. (rF++)
You are vulnerable to cold. (rC-)
You float through the air rather than walking.
You learn spells naturally, not from books.
Your magical power is your life essence.
You have superior vitality. (+4 MHP)
You have hidden genetic potential.


Message History

Casting: Iskenderun's Mystic Blast (mildly dangerous; 1% risk of failure)
Confirm with . or Enter, or press ? or * to list all spells.
You erupt in a blast of force!
The mystic blast hits the skeletal warrior!
The skeletal warrior is moderately damaged.
The skeletal warrior is knocked back by the mystic blast.
The skeletal warrior collides with the orc!
The orc is heavily wounded.
Casting: Iskenderun's Mystic Blast (mildly dangerous; 1% risk of failure)
Confirm with . or Enter, or press ? or * to list all spells.
You erupt in a blast of force!
The mystic blast hits the orc!
You kill the orc!
The mystic blast hits the skeletal warrior but does no damage.
The skeletal warrior is lightly damaged.
The skeletal warrior hits you with a +0 battleaxe!
Casting: Iskenderun's Mystic Blast (mildly dangerous; 1% risk of failure)
Confirm with . or Enter, or press ? or * to list all spells.
You erupt in a blast of force!
The mystic blast hits the skeletal warrior but does no damage.
The skeletal warrior is lightly damaged.
The skeletal warrior hits you with a +0 battleaxe!
* * * LOW HITPOINT WARNING * * *
Casting: Iskenderun's Mystic Blast (mildly dangerous; 1% risk of failure)
Confirm with . or Enter, or press ? or * to list all spells.
You erupt in a blast of force!
The mystic blast hits the skeletal warrior but does no damage.
The skeletal warrior is lightly damaged.
* * * LOW HITPOINT WARNING * * *
The skeletal warrior hits you with a +0 battleaxe!
* * * LOW HITPOINT WARNING * * *
Okay, then.
Okay, then.
Casting: Iskenderun's Mystic Blast (mildly dangerous; 1% risk of failure)
Confirm with . or Enter, or press ? or * to list all spells.
You erupt in a blast of force!
The mystic blast hits the skeletal warrior but does no damage.
The skeletal warrior is lightly damaged.
* * * LOW HITPOINT WARNING * * *
The skeletal warrior hits you with a +0 battleaxe!
You die...

##'#########
#....# ## ####.#
#. #.# ###'
####.##### #...
#......<.#########
#........##.#8ooo
#...........#.oooo
#@.......####gKOoK
#z.......#


#OTg.o # #.)......# #8KoK #.##........# ###### #...........# #... ####........#
###o ###.###### #. #..))# #O #######)## #. You could see a skeletal warrior.

Vanquished Creatures
  2 skeletal warriors (D:10)
  2 trolls (D:10)
  Prince Ribbit (D:6)
  2 wyverns
  A wraith (D:10)
  6 steam dragons
  An acid dragon (D:8)
  An orc warrior (D:10)
  An ice beast (D:6)
  A sky beast (D:7)
  A black bear (D:8)
  3 centaurs
  4 ogres
  A phantom (D:4)
  4 bullfrogs
  3 kobold brigands (D:8)
  A necrophage (D:8)
  A gnoll sergeant (D:10)
  13 wights
  3 howler monkeys
  An orc priest (D:9)
  A jelly (D:4)
  5 hounds
  2 iguanas (D:4)
  4 orc wizards (D:9)
  Robin (D:4)
  12 gnolls
  9 adders
  A shadow imp (D:8)
  3 white imps
  2 ufetubi
  4 worms
  A dart slug (D:4)
  14 orcs
  2 bats (D:2)
  7 endoplasms
  4 giant cockroaches
  11 goblins
  9 hobgoblins
  3 quokkas
  10 ball pythons
  A frilled lizard (D:2)
  24 kobolds
  4 rats
187 creatures vanquished.

Vanquished Creatures (collateral kills)
  A wight (D:9)
1 creature vanquished.

Vanquished Creatures (others)
  13 foxfires
  A fungus (D:2)
  2 plants
16 creatures vanquished.

Grand Total: 204 creatures vanquished

Notes
Turn   | Place    | Note
-------+----------+-------------------------------------------
     0 | D:1      | groovy9 the Djinni Conjurer began the quest for the Orb.
     0 | D:1      | groovy9 set off with the following spells memorised: Magic
                  | Dart, Searing Ray, Dazzling Flash, Fulminant Prism,
                  | Iskenderun's Mystic Blast.
     0 | D:1      | Reached XP level 1. HP: 15/15 MP: 0/0
   473 | D:1      | Reached XP level 2. HP: 17/22 MP: 0/0
   729 | D:1      | Reached skill level 1 in Fighting
  1253 | D:2      | Reached XP level 3. HP: 19/27 MP: 0/0
  1253 | D:2      | Learned a level 1 spell: Foxfire
  1487 | D:2      | Found a faded altar of an unknown god.
  1596 | D:2      | Reached skill level 2 in Fighting
  1700 | D:2      | Reached XP level 4. HP: 24/33 MP: 0/0
  2609 | D:3      | Identified the amulet "Anumibog" {RegenMP rElec rCorr}
  2836 | D:3      | Reached XP level 5. HP: 35/39 MP: 0/0
  2836 | D:3      | Learned a level 2 spell: Poisonous Vapours
  2938 | D:4      | Reached skill level 3 in Fighting
  2976 | D:4      | Found Otaug's Armour Emporium.
  3052 | D:4      | Noticed an ogre
  3074 | D:4      | Killed an ogre
  3075 | D:4      | Reached XP level 6. HP: 40/46 MP: 0/0
  3147 | D:4      | Reached skill level 4 in Fighting
  3369 | D:4      | Reached XP level 7. HP: 44/53 MP: 0/0
  3369 | D:4      | Learned a level 2 spell: Static Discharge
  3461 | D:4      | Reached skill level 5 in Spellcasting
  3874 | D:4      | Reached skill level 5 in Fighting
  4025 | D:4      | Noticed Robin
  4040 | D:4      | Killed Robin
  4423 | D:5      | Entered Level 5 of the Dungeon
  4624 | D:5      | Noticed a steam dragon
  4633 | D:5      | Killed a steam dragon
  4634 | D:5      | Reached XP level 8. HP: 23/60 MP: 0/0
  5517 | D:6      | Reached skill level 6 in Fighting
  5864 | D:6      | Noticed Prince Ribbit
  5875 | D:6      | Killed Prince Ribbit
  6084 | D:6      | Reached skill level 7 in Fighting
  6345 | D:6      | Reached XP level 9. HP: 60/68 MP: 0/0
  6345 | D:6      | Learned a level 4 spell: Summon Lightning Spire
  6683 | D:7      | Found an opulent altar of Gozag.
  7101 | D:7      | Found a staircase to the Ecumenical Temple.
  7110 | Temple   | Entered the Ecumenical Temple
  7194 | Temple   | Became a worshipper of Ashenzari the Shackled
  7374 | D:7      | Reached skill level 8 in Fighting
  8312 | D:8      | Found Elasif's Book Shoppe.
  8697 | D:8      | Reached skill level 9 in Fighting
  9175 | D:8      | Reached XP level 10. HP: 76/78 MP: 0/0
  9971 | D:9      | Reached skill level 10 in Fighting
 10482 | D:9      | Found Seimp's Distillery.
 10489 | D:9      | Bought a potion of ambrosia for 80 gold pieces
 10489 | D:9      | Bought a potion of degeneration for 10 gold pieces
 10489 | D:9      | Gained mutation: You have hidden genetic potential. [potion
                  | of mutation]
 10661 | D:10     | Entered Level 10 of the Dungeon
 11450 | D:10     | Noticed a skeletal warrior
 11450 | D:10     | Noticed a skeletal warrior
 11477 | D:10     | Killed a skeletal warrior
 11478 | D:10     | Reached XP level 11. HP: 65/87 MP: 0/0
 11478 | D:10     | Learned a level 5 spell: Blade Hands
 11661 | D:10     | Killed a skeletal warrior
 11662 | D:10     | Reached skill level 11 in Fighting
 11866 | D:10     | Noticed a skeletal warrior
 11868 | D:10     | Noticed a skeletal warrior
 12125 | D:10     | Found a staircase to the Orcish Mines.
 12163 | D:10     | Slain by a skeletal warrior

Illustrated notes

Levels and vault maps discovered:
D:1:      spicycebolla_arrival_xxxplode, layout_loops_cross
D:2:      layout_basic, shapermc_ecumenical_altar_mp_ritualfount
D:3:      layout_basic, nicolae_figureground_pulse
D:4:      layout_rooms, serial_shops, nicolae_shop_window_shopping,
          minmay_fractal_squares_gapless_5, uniq_robin
D:5:      layout_cave_pools
D:6:      cheibrodos_quashed, layout_loops_cross, uniq_prince_ribbit1
D:7:      layout_gridville, mainiacjoe_overflow_boulevard,
          minmay_temple_entry_waves, serial_rivers,
          chequers_serial_rivers_small_3, chequers_serial_rivers_large_b,
          chequers_serial_rivers_micro_d, chequers_serial_rivers_small_b,
          kennysheep_generic_room_13
D:8:      layout_loops_ring, enter_ossuary_2, serial_shops, nicolae_shop_trees,
          minmay_circle_x
D:9:      layout_roguey, serial_shops, shop, hangedman_abyss_or_decor_stagger
D:10:     layout_roguey, kennysheep_orc_monster_closet_entryway,
          kennysheep_generic_room_3
Temple:   mainiacjoe_temple_circle_huts

Skill      XL: |  1  2  3  4  5  6  7  8  9 10 11 |
---------------+----------------------------------+-----
Fighting       | 1 2 3 4 5 7 9 10 11 | 11.1
Spellcasting   | 4 5 6 7 9 |  9.3
Dodging        | 3 4 |  4.3
Stealth        | |  1.5

Action                   |  1- 3 |  4- 6 |  7- 9 | 10-12 || total
-------------------------+-------+-------+-------+-------++-------
Melee: Dagger            |       |       |     1 |       ||     1
 Cast: Magic Dart        |    57 |    39 |    23 |    16 ||   135
       Searing Ray       |     5 |    18 |    57 |    42 ||   122
       Foxfire           |     5 |       |     2 |       ||     7
       Poisonous Vapours |       |     3 |    29 |    22 ||    54
       Iskenderun's Myst |       |       |    25 |    28 ||    53
       Static Discharge  |       |       |     2 |       ||     2
       Summon Lightning  |       |       |       |     2 ||     2
Invok: Curse Item        |       |       |     1 |       ||     1
  Use: Scroll            |       |     9 |     6 |     5 ||    20
       Potion            |       |       |     2 |     1 ||     3
Armor: Robe              |       |     1 |    20 |     2 ||    23
       Steam dragon scal |       |       |     7 |     2 ||     9
Dodge: Dodged            |     1 |     6 |    39 |    16 ||    62
Block: Other             |       |       |    11 |     9 ||    20
       Reflection        |       |       |     1 |     1 ||     2
